Unix NetHack Version 5.0.0-0 post-release - last build Jun 10 2026 00:39:30 (3ee93aec679c4c4259841fe613dc97188e26a321,branch:main).

Game began 2026-06-11 21:51:22, ended 2026-06-12 04:26:18.

KraJa, chaotic female human Rogue

                                                       --f
                                                       |@u.
                                                       - o.
                                                        ...

KraJa the Cutpurse      St:25 Dx:18 Co:14 In:10 Wi:12 Ch:9  Chaotic
Dlvl:3  $:34 HP:0(39) Pw:23(23) AC:4  Xp:5/276 T:3750 

Latest messages:
 The housecat bites it.
 Pita misses it.
 It is hit!
 Pick a monster, object or location.
 You miss Kix.
 Pita bites it.
 The dart misses Pita.
 A dart misses you.
 Kix bites!
 Pita bites it.
 You hit Kix!
 Pita bites it.
 It hits Pita.
 Kix bites!
 You hit Kix!
 Pita bites it.
 Kix bites!
 You hit Kix!
 Pita bites it.
 Kix misses!
 Pita bites it.
 It swings its crude bow at Pita.
 It misses Pita.
 Kix bites!
 You can't go up here.
 You see here a dart.
 What do you want to write with? [- abdlCEF or ?*]
 You write in the dust with your fingertip.
 Pita misses it.
 Kix turns to flee.
 Kix just misses!
 Pita bites it.
 Pita bites it.
 It hits Pita.
 Pita bites it.
 It hits Pita.
 Michelmartinet's ghost turns to flee.
 Pita bites it.
 It hits Pita.
 The pony turns to flee.
 You hear some noises.
 Kix turns to flee.
 The hill orc turns to flee.
 The pony kicks!
 The pony bites!
 Kix bites!
 The pony kicks!
 The pony bites!
 You die...
 Do you want your possessions identified? [ynq] (y)

Inventory:
 Coins    ('$')
  $ - 34 gold pieces
 Amulets  ('"')
  f - an uncursed amulet of ESP
 Weapons  (')')
  F - a blessed +0 dart
  d - 12 uncursed +0 darts
  C - 9 uncursed +0 daggers named @ (at the ready)
  a - an uncursed corroded +0 dagger named @ (weapon in left hand)
  b - 2 uncursed +0 elven daggers
  l - an uncursed +2 orcish dagger
 Armor    ('[')
  H - an uncursed +0 orcish helm named @ (being worn)
  G - an uncursed +0 pair of gauntlets of power named @ (being worn)
  B - an uncursed +0 pair of elven boots named @ (being worn)
  A - an uncursed +1 leather armor named @ (being worn)
 Comestibles  ('%')
  y - 4 uncursed food rations
  x - a cursed food ration
 Scrolls  ('?')
  I - an uncursed scroll of enchant armor
  w - an uncursed scroll of stinking cloud
 Spellbooks  ('+')
  J - an uncursed spellbook of confuse monster
 Potions  ('!')
  j - an uncursed potion of booze
  c - a blessed potion of invisibility
 Tools    ('(')
  i - an uncursed sack named T@27 containing 12 items
  t - an uncursed blindfold named @
  k - an uncursed lock pick named @
  h - an uncursed oil lamp
 Gems/Stones  ('*')
  E - a cursed worthless piece of blue glass

Contents of the sack named T@27:
  5 gold pieces
  9 uncursed +0 silver arrows
  a blessed +1 orcish dagger
  an uncursed +0 orcish dagger
  an uncursed +0 short sword
  2 uncursed food rations
  an uncursed lichen corpse
  an uncursed scroll of identify
  an uncursed potion of healing
  an uncursed potion of object detection
  an uncursed potion of sickness
  2 uncursed worthless pieces of white glass

KraJa the Rogue's attributes:

Background:
 You were a Cutpurse, a level 5 female human Rogue.
 You were chaotic, on a mission for Kos
 who was opposed by Issek (lawful) and Mog (neutral).
 You were left-handed.
 You were in the Gnomish Mines, on level 3.
 You entered the dungeon 3750 turns ago.
 It was nighttime.
 You had 276 experience points, 44 more were needed to attain level 6.

Basics:
 You had 0 out of 39 hit points.
 You had all 23 energy points (spell power).
 Your armor class was 4.
 Your wallet contained 34 zorkmids, and
 you had 5 more stashed away in your pack.
 Autopickup was on for all types, with exceptions.

Final Characteristics:
 Your strength was 25 (base:14, innate limit:18/100).
 Your dexterity was 18 (limit:18).
 Your constitution was 14 (limit:18).
 Your intelligence was 10 (limit:18).
 Your wisdom was 12 (limit:18).
 Your charisma was 9 (limit:18).

Final Status:
 You weren't hungry.
 You were unencumbered.
 You were wielding a dagger.
 You had basic skill with dagger.

Final Attributes:
 You were piously aligned.
 You were poison resistant.
 You were stealthy.
 You were warded.
 You are dead.

Miscellaneous:
 You encountered 1 bones level.
 Total elapsed playing time was 25 minutes and 10 seconds.

Major events:
 Turn
    1: KraJa the chaotic female human Rogue entered the dungeon
  895: entered the Gnomish Mines
 1270: attained the rank of Cutpurse (level 3)
 3750: killed by a pony

You didn't know any spells.

Skills:
 Fighting Skills
   bare handed combat [Unskilled]
   two weapon combat  [Unskilled]
   riding             [Unskilled]
 Weapon Skills
   dagger             [Basic]
   knife              [Unskilled]
   short sword        [Basic]
   broadsword         [Unskilled]
   long sword         [Unskilled]
   two-handed sword   [Unskilled]
   saber              [Unskilled]
   club               [Unskilled]
   mace               [Unskilled]
   morning star       [Unskilled]
   flail              [Unskilled]
   hammer             [Unskilled]
   polearms           [Unskilled]
   spear              [Unskilled]
   crossbow           [Unskilled]
   dart               [Unskilled]
   shuriken           [Unskilled]
 Spellcasting Skills
   divination spells  [Unskilled]
   escape spells      [Unskilled]
   matter spells      [Unskilled]

Voluntary challenges:
 Character rerolling was not enabled.
 You never genocided any monsters.
 You never polymorphed an object.
 You never changed form.
 You used no wishes.
Achievements:
 You entered the Gnomish Mines.
 You entered a shop.
 You attained the rank of Cutpurse.

 The Dungeons of Doom: levels 1 to 6
    Level 1:
       A fountain, a sink.
    Level 2:
       A general store, a fountain.
       Stairs down to The Gnomish Mines.
    Level 3:
       A scroll shop, a fountain.
    Level 4:
       Some fountains.
    Level 5:
       Many fountains.
    Level 6:
 The Gnomish Mines:
    Level 3: <- You were here.
       Final resting place for
          you, killed by a pony,
          snarksnark-Wiz-Hum-Mal-Neu, killed by a dwarf,
          michelmartinet-Wiz-Hum-Mal-Neu, killed by a gnome.


Vanquished creatures:
  a ghost
 an Uruk-hai
  a pony
  2 shriekers
  2 gnome leaders
  a red naga hatchling
  2 giant ants
  a little dog
  a kitten
  2 dwarves
  2 homunculi
  a hill orc
  2 rabid rats
  2 giant bats
  a monkey
 an iguana
  5 acid blobs
  a gas spore
  8 manes
  a large kobold
  a hobgoblin
  2 giant rats
  4 cave spiders
  2 gnomes
  8 geckos
  4 jackals
  2 foxes
  3 goblins
  5 sewer rats
  3 grid bugs
  3 lichens
  7 newts
82 creatures vanquished.

No species were genocided or became extinct.

Game over:
                       ----------
                      /          \
                     /    REST    \
                    /      IN      \
                   /     PEACE      \
                  /                  \
                  |      KraJa       |
                  |      39 Au       |
                  | killed by a pony |
                  |                  |
                  |                  |
                  |                  |
                  |       2026       |
                 *|     *  *  *      | *
        _________)/\\_//(\/(/\)/\//\/|_)_______

Goodbye KraJa the Rogue...

You died in The Gnomish Mines on dungeon level 3 with 1390 points,
and 39 pieces of gold, after 3750 moves.
You were level 5 with a maximum of 39 hit points when you died.

